Map: Newkirk Precinct TE (Void)

Players

Musumeci

  • Race: Zerg Zerg
  • Spawn Location: 5:00

John - Winner!

  • Race: Zerg Zerg
  • League: Diamond
  • Spawn Location: 7:00

VOD

Have the link to the VOD?

Description

Time

  • Played on: Jan. 25, 2017, 1:50 p.m.
  • Length: 16:00
Show
View Real Time Build Order
Export as new Build Order

Musumeci Zerg 

Build Orders: Pool First, Zergling Baneling 

Get SALT Encoding   

  12  0:00  Drone  
  13  0:08  Drone  
  14  0:17  Overlord  
  14  0:28  Drone, Extractor  
  15  0:36  Drone x2  
  17  0:44  Drone  
  18  0:51  Spawning Pool  
  18  0:53  Extractor  
  16  0:57  Drone  
  17  1:36  Evolution Chamber  
  16  1:42  Zergling x4  
  18  2:04  Hatchery  
  18  2:06  Queen  
  18  2:07  Metabolic Boost  
  18  2:08  Zergling x4  
  21  2:19  Drone  
  22  2:23  Baneling Nest  
  22  2:26  Drone  
  22  2:36  Overlord  
  22  2:55  Queen  
  24  3:10  Zergling x6  
  24  3:20  Zergling x8  
  28  3:40  Zergling x2  
  28  3:50  Overlord  
  27  4:00  Baneling x5  
  27  4:02  Baneling x6  
  27  4:08  Zergling x6  
  30  4:12  Drone  
  30  4:14  Drone  
  32  4:27  Zergling x6  
  35  4:40  Overlord  
  24  5:09  Zergling x22  
  34  5:15  Baneling x2  
  34  5:24  Drone x3  
  34  5:26  Drone  
  38  5:30  Drone  
  39  5:35  Drone  
  39  5:36  Drone  
  39  5:41  Drone  
  41  5:52  Drone  
  41  5:53  Drone x2  
  44  6:03  Overlord  
  43  6:04  Overlord  
  43  6:20  Roach Warren  
  43  6:21  Hatchery  
  40  6:32  Spine Crawler  
  40  6:33  Spine Crawler x2  
  37  6:41  Drone x4  
  37  6:42  Drone  
  42  6:55  Drone x3  
  47  7:03  Roach x4  
  53  7:21  Drone x4  
  44  7:45  Extractor  
  44  7:46  Lair, Extractor  
  42  7:53  Extractor  
  42  7:56  Drone x5  
  42  7:57  Evolution Chamber  
  45  8:01  Roach  
  45  8:04  Roach  
  49  8:06  Roach  
  49  8:09  Drone x3  
  54  8:13  Hatchery  
  53  8:22  Overlord  
  53  8:26  Drone x2  
  55  8:46  Drone x2, Spire  
  55  8:48  Zergling x8  
  59  8:54  Glial Reconstitution  
  60  8:57  Overlord x3  
  60  8:58  Overlord  
  52  9:31  Drone x5  
  55  9:47  Extractor  
  55  9:49  Extractor  
  53  9:58  Mutalisk x6, Roach  
  53  9:59  Mutalisk x3  
  73  10:08  Spine Crawler  
  73  10:11  Spine Crawler x2  
  73  10:13  Baneling x2  
  65  10:19  Spine Crawler  
  59  10:22  Spine Crawler  
  57  10:37  Mutalisk x4  
  63  10:56  Drone x6  
  69  11:05  Hatchery  
  67  11:12  Zergling x4  
  69  11:26  Zergling x4  
  71  11:45  Baneling  
  71  11:46  Baneling x4, Zergling x2  
  71  11:47  Zergling x10  
  75  12:02  Zergling x6  
  75  12:04  Mutalisk x3  
  82  12:16  Mutalisk  
  82  12:17  Mutalisk x3  
  83  12:42  Baneling x4  
  79  13:03  Mutalisk  
  79  13:04  Mutalisk x6  
  85  13:18  Zergling x2  
  86  13:21  Baneling x2  
  86  13:28  Extractor  
  86  13:30  Hatchery  
  84  13:41  Baneling  
  84  13:42  Extractor  
  84  13:46  Overlord x2  
  84  13:47  Overlord x3  
  69  14:17  Mutalisk x6  
  73  14:41  Baneling  
  73  15:04  Drone x4  
  73  15:05  Drone x15  
  92  15:13  Infestation Pit  
Show
View Real Time Build Order
Export as new Build Order

John Zerg - Winner!

Build Orders: Hatch First 

Get SALT Encoding   

  12  0:02  Drone  
  13  0:13  Overlord  
  13  0:18  Drone  
  14  0:31  Drone x2  
  16  0:36  Drone  
  17  0:54  Hatchery  
  16  0:58  Extractor  
  16  0:59  Drone  
  16  1:16  Spawning Pool  
  15  1:31  Drone  
  15  1:32  Drone x2  
  18  1:58  Drone x2  
  20  2:09  Queen  
  20  2:10  Queen  
  24  2:17  Drone x2  
  24  2:22  Zergling x4  
  28  2:26  Spine Crawler  
  27  2:30  Spine Crawler  
  27  2:37  Zergling x2  
  27  2:41  Overlord  
  27  2:45  Drone  
  28  3:11  Drone x3  
  28  3:12  Drone x3  
  31  3:27  Queen  
  31  3:28  Drone x2  
  31  3:29  Drone  
  36  3:43  Overlord x2  
  36  3:51  Spine Crawler  
  35  3:56  Zergling x2  
  35  4:00  Spine Crawler  
  35  4:05  Evolution Chamber  
  35  4:08  Spine Crawler, Evolution Chamber  
  35  4:09  Zergling x6  
  35  4:30  Drone x3  
  35  4:31  Drone  
  39  4:32  Zergling x4  
  39  4:33  Zergling x4  
  43  4:43  Drone x2  
  43  4:45  Roach Warren  
  44  4:47  Metabolic Boost  
  34  5:13  Drone x4  
  34  5:14  Drone x2  
  38  5:45  Roach x3  
  38  5:46  Roach x4  
  52  5:55  Overlord x2  
  51  6:03  Lair  
  51  6:23  Drone x4  
  51  6:24  Drone  
  56  6:40  Zergling x2  
  56  6:41  Zergling x20  
  67  7:04  Overlord x3  
  67  7:19  Hatchery  
  48  7:46  Drone x7  
  48  7:49  Zerg Ground Armor Level 1, Zerg Missile Weapons Level 1  
  48  7:50  Glial Reconstitution  
  55  7:53  Extractor x2  
  55  7:57  Queen  
  55  8:16  Drone x2  
  55  8:17  Drone  
  55  8:18  Drone  
  59  8:23  Extractor  
  58  8:30  Ravager x3  
  58  8:31  Ravager  
  62  8:54  Roach  
  62  8:55  Roach x12  
  88  9:06  Roach x4  
  95  9:32  Zergling x2  
  95  9:33  Zergling x4, Overlord  
  95  9:34  Overlord x4  
  98  9:41  Spore Crawler  
  98  9:44  Spore Crawler  
  96  10:00  Zergling x2  
  96  10:01  Zergling x32  
  108  10:25  Spore Crawler  
  108  10:28  Spore Crawler  
  106  10:29  Spore Crawler  
  106  10:30  Queen  
  106  10:31  Queen x2  
  108  10:37  Hydralisk Den, Spore Crawler  
  108  10:41  Spore Crawler  
  90  11:00  Overlord x2  
  90  11:01  Overlord x2  
  90  11:14  Drone  
  90  11:15  Drone x8  
  99  11:22  Spore Crawler  
  98  11:26  Hydralisk  
  98  11:27  Muscular Augments  
  100  11:44  Drone x3  
  103  11:48  Drone x5  
  103  12:11  Drone x9  
  103  12:12  Spore Crawler  
  111  12:29  Hydralisk x5, Spore Crawler x2  
  108  12:30  Hydralisk  
  108  12:32  Spore Crawler  
  113  12:41  Queen  
  109  12:49  Hydralisk  
  109  12:50  Hydralisk x5  
  121  13:13  Drone x2  
  121  13:14  Drone x2  
  121  13:15  Drone  
  121  13:16  Drone  
  127  13:20  Extractor  
  126  13:42  Zerg Missile Weapons Level 2, Zerg Ground Armor Level 2  
  126  13:43  Hydralisk  
  126  13:45  Overlord x3, Extractor  
  126  13:46  Overlord x3  
  127  13:49  Hatchery  
  125  14:08  Hydralisk  
  125  14:09  Hydralisk x9  
  131  14:20  Hydralisk x3  
  131  14:21  Hydralisk  
  138  14:34  Hydralisk x2  
  138  14:35  Hydralisk x2  
  146  14:49  Hydralisk x4  
  152  15:14  Hydralisk  
  152  15:15  Hydralisk x2  
  152  15:17  Overlord x2  
  158  15:27  Spore Crawler x2  
  156  15:30  Spine Crawler  
  155  15:41  Drone x3  
  155  15:42  Drone x9  
Tags
 
Add a new tag
Caveats
  • Supply blocks, unpowered buildings, or Contaminate may cause inaccurate times.
  • Supply counts are checked every 10 seconds.